AoeStats
← Sim90

Hideout

508833335Analyzed
1v1 RM · 8d ago on Sep 24, 2026· 61m 44s· 2 players
Game mode
Random Map
Map size
Tiny (2 player)
Population
200
Speed
Normal
Resources
Standard
Victory
Conquest
Starting age
Dark Age
Ending age
Imperial Age
RankedLock teamsTeams togetherTeam positionsShared explorationLock speedFull tech treeHidden civsTurbo modeCheats
Victory
Defeat
🇩🇪 Bengalis · Germany
878
+15
🇦🇺 Cumans · Australia
855
-15
Sim90
5:45 Loom
5:53 Loom
9:04 Feudal Age
26:57 Town Watch
34:17 Double-Bit Axe
56:15 Man-at-Arms
59:08 Castle Age
61:29 Capped Ram
lekermit
7:03 Loom
9:33 Feudal Age
13:10 Man-at-Arms
36:23 Double-Bit Axe
54:26 Bloodlines
58:59 Castle Age
60:20 Gambesons
Connection lost

Rejoining the realm…

Still unreachable

The connection could not be restored.

Session expired

The server has moved on; the page needs a fresh start.